 Dungeon Crawl Stone Soup version 0.18-a0-316-gf882de5 (webtiles) character file.

65 xeno23 the Gusty (level 3, -5/27 HPs)
             Began as a Demigod Air Elementalist on Nov 27, 2015.
             Killed by nerve-wracking pain
             ... invoked by Grinder
              (14 damage)
             ... on level 3 of the Dungeon.
             The game lasted 00:05:54 (876 turns).

xeno23 the Gusty (Demigod Air Elementalist)          Turns: 876, Time: 00:05:54

Health: -5/27      AC:  9    Str: 13    XL:     3   Next: 67%
Magic:  8/8        EV:  6    Int: 19    God:
Gold:   27         SH:  0    Dex: 16    Spells: 1 memorised, 5 levels left

rFire  . . .     SeeInvis .     g - +1 dagger
rCold  . . .     Clarity  .     d - +1 chain mail
rNeg   . . .     SustAt   +     (no shield)
rPois  .         Gourm    .     (no helmet)
rElec  .         Spirit   .     (no cloak)
rCorr  .         Warding  .     (no gloves)
rMut   .         Stasis   .     (no boots)
MR     .....                    (no amulet)
Stlth  ..........               (no ring)
                                i - ring of stealth

@: not resistant to hostile enchantments, extremely unstealthy
A: high mp 1, sustain attributes
a: no special abilities


You were on level 3 of the Dungeon.
You were not hungry.

You visited 1 branch of the dungeon, and saw 3 of its levels.

You collected 27 gold pieces.

Inventory:

Hand Weapons
 e - a +0 hunting sling
 g - a +1 dagger (weapon)
Missiles
 h - 8 poisoned needles
 j - 7 stones (quivered)
Armour
 a - a +0 robe
 d - a +1 chain mail (worn)
Jewellery
 i - a ring of stealth (left hand)
Potions
 l - a potion of brilliance
Books
 b - a book of Air

   Spells                             Type                      Level
   a - Shock                          Conjuration/Air              1
   b - Swiftness                      Charms/Air                   2
   c - Repel Missiles                 Charms/Air                   2
   d - Static Discharge               Conjuration/Air              3
   e - Lightning Bolt                 Conjuration/Air              5
Comestibles
 c - a bread ration
 m - a slice of pizza


   Skills:
 + Level 0.5 Fighting
 + Level 1.2 Armour
 + Level 2.3 Dodging
 - Level 1.7 Stealth
 + Level 2.2 Spellcasting
 + Level 1.5 Conjurations
 + Level 3.0 Air Magic


You had 5 spell levels left.
You knew the following spells:

 Your Spells              Type           Power        Failure   Level  Hunger
a - Shock                 Conj/Air       ##..         99%         1    #......


Dungeon Overview and Level Annotations

Branches:
Dungeon (3/15)

Annotations:
D:3 Grinder


Innate Abilities, Weirdness & Mutations

You have an increased reservoir of magic (+10% MP).
Your attributes are resistant to harm.


Message History

You hit Ijyb.
Ijyb is almost dead.
Grinder gestures.
Grinder blinks!
Ijyb barely misses you.
You hit Ijyb.
Ijyb is almost dead.
Ijyb hits you but does no damage.
You hit Ijyb.
You kill Ijyb!
Your Air Magic skill increases to level 3!
You aren't carrying any items that can be evoked.
You see here a dagger.
You see here a scale mail.
Grinder hits you but does no damage.
You open the door. Grinder hits you.
You writhe in agony.
You writhe in agony.
You take 3 damage.
Grinder gestures at you. Pain shoots through your body!
Ouch! That really hurt!
You die...

**,**#.......#
#..##.###.# *,*
######.#####..##.###.#
*,* #......$.#...##.# *,*
##'#####.##...##.# *,*
##...## #.........# **,*
##.....#######.##### *,,*
##......[## ##.##
,,,***#.........####...##
,,,,,,+.........@.5.....#
,,,***#.........####...##
*,** ##.......####.#.###
*** ##.....## #..[...# *
##...## ##)###.#* ##+##
#.# *..# ****
********###***.# ,,,*****
***,,,,,,,,,,,.#
**,*,<,**
*_+,,,,,,,,,,,,#


You could see Grinder.

Vanquished Creatures
  Ijyb (D:3)
  A gnoll (D:1)
  An ooze (D:1)
  A giant gecko (D:1)
  A hobgoblin (D:1)
  5 bats (D:1)
  A giant cockroach (D:1)
  A giant newt (D:1)
  7 goblins
  4 kobolds (D:1)
  2 rats (D:1)
25 creatures vanquished.

Notes
Turn   | Place    | Note
--------------------------------------------------------------
     0 | D:1      | xeno23 the Demigod Air Elementalist began the quest for the Orb.
     0 | D:1      | Reached XP level 1. HP: 14/14 MP: 5/5
    84 | D:1      | Reached skill level 1 in Conjurations
   105 | D:1      | Reached XP level 2. HP: 14/20 MP: 7/7
   344 | D:1      | Reached skill level 1 in Armour
   604 | D:1      | Reached XP level 3. HP: 18/26 MP: 8/8
   778 | D:2      | You fall through a shaft!
   793 | D:3      | Noticed Ijyb
   799 | D:3      | Noticed Grinder
   830 | D:3      | Paralysed by Grinder for 4 turns
   867 | D:3      | Killed Ijyb
   867 | D:3      | Reached skill level 3 in Air Magic
   876 | D:3      | Killed from afar by Grinder

Vault maps used:
D:1:      lightli_molten_gateway
D:2:      grunt_temple_overflow_order_and_chaos_1, minmay_item_behind_shaft
D:3:      lemuel_coloured_pillars_altar, lemuel_blue_sif_altar, first_bread,
          minmay_quantized, uniq_natasha, uniq_sigmund, uniq_iyjb, uniq_grinder

Action                   || total
-------------------------++-------
Melee: Club              ||    59
       Unarmed           ||     8
       Dagger            ||   107
  Use: Scroll            ||     5
